 Dungeon Crawl Stone Soup version 0.26.1-11-gd32895ea62 (webtiles) character file.

Game seed: 16100249791731349881

325 SibleyIrresistible the Gusty (level 6, -2/32 HPs)
             Began as a Tengu Air Elementalist on July 23, 2021.
             Killed from afar by SpoonFarmer's ghost (5 damage)
             ... with a magic dart
             ... on level 3 of the Dungeon.
             The game lasted 00:16:42 (4026 turns).

SibleyIrresistible the Gusty (TeAE)                 Turns: 4026, Time: 00:16:42

Health: -2/32      AC:  5    Str:  9    XL:     6   Next: 48%
Magic:  2/12       EV: 13    Int: 17    God:
Gold:   277        SH:  0    Dex: 14    Spells: 6/12 levels left

rFire    . . .     SeeInvis .   (no weapon)
rCold    . . .     Faith    .   (no shield)
rNeg     . . .     Spirit   .   a - +0 robe
rPois    .         Reflect  .   (helmet restricted)
rElec    .         Harm     .   l - +0 cloak {Will+}
rCorr    .         Rampage  .   g - +1 pair of gloves
Will     +....                  (boots unavailable)
Stlth    ++........             (no amulet)
HPRegen  0.10/turn              (no ring)
MPRegen  0.13/turn              (no ring)

@: no status effects
A: beak, talons 3, able to fly
a: Fly


You were on level 3 of the Dungeon.
You visited 1 branch of the dungeon, and saw 4 of its levels.

You collected 277 gold pieces.

Inventory:

Hand Weapons
 k - a +4 quarterstaff of chaos
Armour
 a - a +0 robe (worn)
 g - a +1 pair of gloves (worn)
 l - a +0 cloak of willpower (worn)
Jewellery
 p - an uncursed ring of positive energy
Wands
 i - a wand of enslavement (5)
Scrolls
 d - 8 scrolls of identify {unknown}
 h - a scroll of random uselessness {unknown}
 m - a scroll of blinking {unknown}
 q - a scroll of remove curse {unknown}
 s - a scroll of fear {unknown}
 t - a scroll of immolation {unknown}
 v - 2 scrolls of teleportation {unknown}
Potions
 b - 2 potions of brilliance {unknown}
 c - a potion of curing {unknown}
 e - a potion of berserk rage {unknown}
 f - a potion of flight {unknown}
 j - a potion of attraction {unknown}
 n - 2 potions of degeneration {unknown}
 o - a potion of might
 r - a potion of heal wounds {unknown}
 u - a potion of mutation {unknown}


   Skills:
 + Level 0.2 Fighting
 + Level 2.7 Dodging
 + Level 2.3 Stealth
 + Level 0.8 Unarmed Combat
 + Level 3.8 Spellcasting
 + Level 4.2 Conjurations
 + Level 6.0 Air Magic


You had 6 spell levels left.
You knew the following spells:

 Your Spells              Type           Power        Failure   Level
a - Shock                 Conj/Air       80%          1%          1
b - Swiftness             Air            23%          1%          2
c - Static Discharge      Conj/Air       20%          6%          3

Your spell library contained the following spells:

 Spells                   Type           Power        Failure   Level
 Airstrike                Air            11%          13%         4
 Lightning Bolt           Conj/Air       10%          47%         5


Dungeon Overview and Level Annotations

Branches:
Dungeon (4/15)
 Temple: D:4-7

Altars:

Annotations:
D:3 SpoonFarmer's ghost, amateur DrCj
D:4 Blork the orc


Innate Abilities, Weirdness & Mutations

You have a beak for a mouth.
You have claws for feet.
You can fly continuously.


Message History

The lightning grounds out.
SpoonFarmer's ghost barely misses you.
Unknown command.
Casting: Static Discharge (dangerous; 6% risk of failure)
Confirm with . or Enter, or press ? or * to list all spells.
SpoonFarmer's ghost is struck by an arc of lightning!
SpoonFarmer's ghost is heavily damaged.
You are struck by an arc of lightning.
The lightning grounds out.
SpoonFarmer's ghost points at you and mumbles some strange words.
The magic dart hits you.
SpoonFarmer's ghost casts a spell at you.
The magic dart hits you.
SpoonFarmer's ghost points at you and mumbles some strange words.
The magic dart hits you.
* * * LOW HITPOINT WARNING * * *
SpoonFarmer's ghost points at you and mumbles some strange words.
The magic dart hits you.
* * * LOW HITPOINT WARNING * * *
SpoonFarmer's ghost casts a spell at you.
The magic dart hits you.
You die...

##.................#.#
##.###
####..............#.#
##'### #....).........#.#
#..... #.#......#######(#
#..... #.#......# #.#
#..... #.#.############.#
#..... #.#.##.[.........#
#..... #.#.#............#
####.. #.#.#<..@........#
#..
#.#.##...........######..
#.#............(.'....#.#
#.#########......####.#.#
#..........W..<..'.##.#.#
#.#########......#....#.#
#.#.......#......######.#
#.#.......#......##.....#
#.#.......†.#######.#####


You could see SpoonFarmer's ghost.

Vanquished Creatures
  A scorpion (D:4)
  Crazy Yiuf (D:2)
  An orc priest (D:4)
  An orc wizard (D:3)
  A worker ant (D:4)
  4 adders
  An ooze (D:1)
  An adder zombie (D:4)
  3 worms
  2 dart slugs
  A leopard gecko (D:4)
  12 orcs
  9 bats
  7 giant cockroaches
  6 goblins
  10 hobgoblins
  8 jackals (D:1)
  11 kobolds
  4 quokkas
  2 ball pythons (D:2)
  9 frilled lizards
  8 rats
103 creatures vanquished.

Notes
Turn   | Place    | Note
-------+----------+-------------------------------------------
     0 | D:1      | SibleyIrresistible the Tengu Air Elementalist began the
                  | quest for the Orb.
     0 | D:1      | Reached XP level 1. HP: 10/10 MP: 4/4
    97 | D:1      | Reached XP level 2. HP: 11/15 MP: 1/6
   439 | D:1      | Reached XP level 3. HP: 19/19 MP: 4/7
   529 | D:1      | Reached skill level 5 in Air Magic
   976 | D:2      | Reached XP level 4. HP: 14/24 MP: 1/8
  1428 | D:2      | Found a runed translucent door.
  1429 | D:2      | Noticed Crazy Yiuf
  1438 | D:2      | Killed Crazy Yiuf
  1985 | D:3      | Gained mutation: You can fly continuously. [Tengu growth]
  1985 | D:3      | Reached XP level 5. HP: 10/28 MP: 0/10
  2934 | D:3      | Found a runed translucent gate.
  2935 | D:3      | Found a runed translucent gate.
  2936 | D:3      | Found a runed translucent gate.
  2950 | D:3      | Noticed SpoonFarmer's ghost (amateur DrCj)
  3214 | D:3      | Learned a level 2 spell: Swiftness
  3218 | D:3      | Learned a level 3 spell: Static Discharge
  3260 | D:4      | Reached XP level 6. HP: 21/32 MP: 2/12
  3786 | D:4      | Noticed Blork the orc
  3790 | D:4      | Reached skill level 6 in Air Magic
  4026 | D:3      | Killed from afar by SpoonFarmer's ghost

Illustrated notes

Levels and vault maps discovered:
D:1:      minmay_arrival_stair_chambers, layout_rooms, minmay_split_cup_small
D:2:      layout_basic, uniq_crazy_yiuf_cottage
D:3:      minmay_spotlight, layout_basic, gammafunk_ghost_split
D:4:      layout_basic, gammafunk_temple_overflow_statue, uniq_blork_the_orc

Skill      XL: |  1  2  3  4  5  6 |
---------------+-------------------+-----
Conjurations   | 2 3 4 |  4.2
Air Magic      | 5 6 |  6.0
Spellcasting   | 3 |  3.8
Fighting       | |  0.2
Dodging        | |  2.7
Stealth        | |  2.3
Unarmed Combat | |  0.8

Action                   |  1- 3 |  4- 6 || total
-------------------------+-------+-------++-------
Melee: Unarmed           |    30 |    42 ||    72
       Kick              |     6 |    15 ||    21
       Peck              |     2 |     2 ||     4
 Cast: Shock             |    67 |   148 ||   215
       Static Discharge  |       |     4 ||     4
       Swiftness         |       |     1 ||     1
Armor: Robe              |     9 |    21 ||    30
Dodge: Dodged            |    38 |    52 ||    90
